 Dungeon Crawl Stone Soup version 0.29-a0-233-g1125b37a9b (webtiles) character file.

Game seed: 13064700535830146147

4025 Crownlay the Cleaver (level 10, -10/86 HPs)
             Began as a Hill Orc Fighter on Mar 1, 2022.
             Was a Priest of Qazlal.
             Mangled by a large abomination (13 damage)
             ... on level 1 of the Abyss.
             The game lasted 00:20:08 (9658 turns).

Crownlay the Cleaver (Hill Orc Fighter)             Turns: 9658, Time: 00:20:08

Health: -10/86     AC: 14    Str: 24    XL:     10   Next: 24%
Magic:  16/16      EV: 14    Int:  8    God:    Qazlal [***...]
Gold:   491        SH: 13    Dex: 10    Spells: 9/9 levels left

rFire   . . .      SeeInvis .   a - +0 war axe
rCold   . . .      Faith    .   c - +0 buckler
rNeg    . . .      Spirit   .   G - +1 ring mail of the Meager God {Fly rPois}
rPois   +          Reflect  +   (no helmet)
rElec   .          Harm     .   (no cloak)
rCorr   .          Rampage  .   f - +2 pair of gloves
Will    .....                   (no boots)
Stlth   ..........              d - amulet of reflection
HPRegen 0.24/turn               r - +4 ring of evasion
MPRegen 0.15/turn               J - +4 ring of protection

@: flying
A: no striking features
a: Renounce Religion, Upheaval, Elemental Force


You were on level 1 of the Abyss.
You worshipped Qazlal.
Qazlal was most pleased with you.
You visited 1 branch of the dungeon, and saw 9 of its levels.
You visited the Abyss 1 time.
You also visited: Sewer.

You collected 491 gold pieces.

Inventory:

Hand Weapons
 a - a +0 war axe (weapon)
 w - a +2 spear of flaming
Missiles
 q - 3 silver boomerangs (quivered)
 u - 2 boomerangs
 D - 3 throwing nets
Armour
 c - a +0 buckler (worn)
 f - a +2 pair of gloves (worn)
 y - a +0 plate armour
 G - the +1 ring mail of the Meager God (worn) {Fly rPois}
   (You found it on level 5 of the Dungeon)

   rPois:     It protects you from poison.
   Fly:       It grants you flight.
Jewellery
 d - an amulet of reflection (around neck)
 r - a +4 ring of evasion (left hand)
 J - a +4 ring of protection (right hand)
 K - a +4 ring of evasion
Wands
 j - a wand of charming (2)
 B - a wand of polymorph (20)
 E - a wand of flame (18)
 H - a wand of mindburst (19)
 I - a wand of acid (7)
Scrolls
 e - a scroll of acquirement {unknown}
 g - a scroll of vulnerability {unknown}
 h - a scroll of brand weapon {unknown}
 i - 3 scrolls of magic mapping
 t - 2 scrolls of fog
 v - 4 scrolls of blinking
 x - a scroll of amnesia {unknown}
 z - 3 scrolls of teleportation
 A - a scroll of fear {unknown}
 C - a scroll of noise {unknown}
 L - a scroll of enchant armour {unknown}
 M - 2 scrolls of enchant weapon
Potions
 b - 4 potions of curing
 l - 2 potions of brilliance {unknown}
 m - a potion of invisibility {unknown}
 n - a potion of haste
 o - 2 potions of magic
 p - a potion of resistance {unknown}
 F - a potion of degeneration {unknown}


   Skills:
 + Level 7.6 Fighting
 * Level 10.5 Axes
 + Level 4.1 Throwing
 + Level 6.0 Armour
 - Level 5.0 Shields
 * Level 9.1 Invocations
 + Level 3.3 Evocations


You had 9 spell levels left.
You didn't know any spells.
Your spell library contained the following spells:

 Spells                   Type           Power      Damage    Failure   Level
 Magic Dart               Conj           0%         1d3       63%         1
 Slow                     Hex            0%         N/A       63%         1
 Sting                    Tmut/Pois      0%         1d3       63%         1
 Blink                    Tloc           0%         N/A       77%         2
 Ensorcelled Hibernation  Hex/Ice        0%         N/A       77%         2
 Poisonous Vapours        Pois/Air       0%         N/A       77%         2
 Searing Ray              Conj           0%         2d4       77%         2
 Confusing Touch          Hex            0%         N/A       94%         3
 Conjure Flame            Conj/Fire      0%         6-21      94%         3
 Ignite Poison            Fire/Tmut/Pois 0%         N/A       94%         3
 Spider Form              Tmut/Pois      0%         N/A       94%         3
 Vampiric Draining        Necr           0%         2d6       94%         3
 Anguish                  Hex/Necr       0%         N/A       100%        4
 Fulminant Prism          Conj/Hex       0%         3d6       100%        4
 Olgreb's Toxic Radiance  Pois           0%         N/A       100%        4
 Sticky Flame             Conj/Fire      0%         2d3       100%        4
 Manifold Assault         Tloc           0%         N/A       100%        5
 Storm Form               Tmut/Air       0%         N/A       100%        7


Dungeon Overview and Level Annotations

Branches:
Dungeon (9/15)             Temple (0/1) D:7           Sewer (visited)
   Lair: D:8-11         Orc: D:9-12

Altars:
Dithmenos
Elyvilon
Fedhas
Okawaru
Qazlal
Ru
Sif Muna
Trog
Uskayaw
Vehumet
Zin


Message History

A wretched star comes into view.
You block the large abomination's attack.
You hit the large abomination but do no damage.
The large abomination is heavily damaged.
You closely miss something. Something hits you but does no damage.
The large abomination hits you!!
You are too injured to fight recklessly!
You are too injured to fight recklessly!
You are too injured to fight recklessly!
You are too injured to fight recklessly!
You slash the large abomination!
The large abomination is severely damaged.
Something barely misses you.
The large abomination completely misses you.
You barely miss the large abomination.
The large abomination is severely damaged.
You hit something but do no damage. You block something's attack.
You block the large abomination's attack.
You hit the large abomination.
The large abomination is almost destroyed.
You closely miss the wretched star. Something hits you but does no damage.
The large abomination hits you but does no damage.
You hit the large abomination but do no damage.
The large abomination is almost destroyed.
You closely miss the wretched star. You barely miss something.
Something hits you but does no damage.
The large abomination hits you but does no damage.
You barely miss the large abomination.
The large abomination is almost destroyed.
You hit the wretched star but do no damage.
The wretched star glows turbulently.
The lance of force hits you!!
* * * LOW HITPOINT WARNING * * *
You are knocked back by the lance of force.
You slam into the rock wall!
* * * LOW HITPOINT WARNING * * *
It was a potion of magic.
Magic courses through your body. You block something's attack.
Something barely misses you. The large abomination hits you!
You die...

# . . ### . .
.# #. .#. #.##.
#..# ....##. #
#... ### ###
#.....#@#...#.#
#.. .#
.#.#.X...... #
##.*.#..... ###
#.##..# ..##
#.. #....# ..#
# # # ##.
##..## .#
#....#. ## ....
# #... # #
#...##. #. ...#
.. >##.# .


You could see a wretched star and a large abomination.

Vanquished Creatures
  A two-headed ogre (D:8)
  A steam dragon (D:7)
  2 orc warriors
  A sky beast (D:7)
  2 black bears
  Pargi (Sewer)
  An ice beast (D:7)
  2 ogres
  2 centaurs
  A phantom (D:6)
  A kobold brigand (D:8)
  5 bullfrogs
  2 gnoll sergeants
  2 scorpions
  6 wights
  An electric eel (D:7)
  7 howler monkeys
  4 orc priests
  5 hounds
  2 jellies (D:4)
  2 gnoll shamans
  Jessica (D:3)
  3 iguanas
  7 orc wizards
  19 gnolls
  7 adders
  2 ufetubi
  2 worms
  8 dart slugs
  20 orcs
  3 bats (D:2)
  5 endoplasms
  8 giant cockroaches
  5 goblins
  6 hobgoblins
  7 jackals (D:2)
  4 quokkas
  10 ball pythons
  5 frilled lizards
  13 kobolds
  4 rats
190 creatures vanquished.

Vanquished Creatures (others)
  An orc wizard (D:3)
  4 plants (D:7)
5 creatures vanquished.

Grand Total: 195 creatures vanquished

Notes
Turn   | Place    | Note
-------+----------+-------------------------------------------
     0 | D:1      | Crownlay the Hill Orc Fighter began the quest for the Orb.
     0 | D:1      | Reached XP level 1. HP: 19/19 MP: 1/1
   230 | D:1      | Reached skill level 3 in Axes
   297 | D:1      | Reached XP level 2. HP: 27/27 MP: 2/2
  1221 | D:2      | Reached XP level 3. HP: 33/33 MP: 3/3
  1648 | D:2      | Found a faded altar of an unknown god.
  1849 | D:2      | Reached skill level 4 in Axes
  1919 | D:2      | Reached XP level 4. HP: 40/40 MP: 4/4
  2457 | D:3      | Found a glowing drain.
  2464 | Sewer    | Entered a sewer
  2476 | Sewer    | Reached skill level 1 in Invocations
  2625 | Sewer    | Noticed Pargi
  2657 | Sewer    | Killed Pargi
  2658 | Sewer    | Reached skill level 5 in Axes
  2658 | Sewer    | Reached XP level 5. HP: 6/47 MP: 4/6
  3022 | D:3      | Found a stormy altar of Qazlal.
  3076 | D:3      | Became a worshipper of Qazlal Stormbringer
  3096 | D:3      | Noticed Jessica
  3119 | D:3      | Reached XP level 6. HP: 50/53 MP: 7/7
  3120 | D:3      | Reached skill level 5 in Shields
  3131 | D:3      | Killed Jessica
  3300 | D:3      | Found a blossoming altar of Fedhas.
  3379 | D:3      | Noticed a +0 spear
  3381 | D:3      | Noticed a +0 dagger
  3387 | D:3      | Found a shadowy altar of Dithmenos.
  3398 | D:3      | Found a hide-covered altar of Uskayaw.
  3398 | D:3      | Noticed a +0 short sword
  3398 | D:3      | Noticed a +0 dagger
  3399 | D:3      | Noticed a +0 falchion
  3399 | D:3      | Noticed a +0 falchion
  3400 | D:3      | Noticed a +0 short sword
  3400 | D:3      | Noticed a +0 spear
  3715 | D:4      | Reached * piety under Qazlal
  3794 | D:4      | Reached skill level 5 in Fighting
  3794 | D:4      | Reached skill level 6 in Axes
  4178 | D:4      | Reached XP level 7. HP: 55/61 MP: 9/9
  4241 | D:4      | Reached skill level 1 in Throwing
  4377 | D:5      | Entered Level 5 of the Dungeon
  4640 | D:5      | Found a bloodstained altar of Trog.
  4654 | D:5      | Found a shimmering blue altar of Sif Muna.
  4654 | D:5      | Found a sacrificial altar of Ru.
  4668 | D:5      | Found an iron altar of Okawaru.
  4676 | D:5      | Found a white marble altar of Elyvilon.
  4729 | D:5      | Reached skill level 7 in Axes
  4984 | D:5      | Reached XP level 8. HP: 69/69 MP: 11/11
  5241 | D:5      | Identified the +1 ring mail of the Meager God {Fly rPois}
  5444 | D:6      | Reached skill level 5 in Invocations
  5881 | D:6      | Reached skill level 8 in Axes
  5997 | D:6      | Reached ** piety under Qazlal
  6752 | D:7      | Found a staircase to the Ecumenical Temple.
  6761 | D:7      | Reached skill level 1 in Evocations
  6765 | D:7      | Reached XP level 9. HP: 44/78 MP: 12/14
  6961 | D:7      | Reached skill level 5 in Armour
  7183 | D:7      | Reached skill level 9 in Axes
  7530 | D:7      | Found a radiant altar of Vehumet.
  7725 | D:7      | Found a glowing silver altar of Zin.
  8052 | D:8      | Noticed a two-headed ogre
  8068 | D:8      | Killed a two-headed ogre
  8076 | D:8      | Reached skill level 10 in Axes
  8485 | D:8      | Reached XP level 10. HP: 84/86 MP: 16/16
  9551 | D:9      | Reached *** piety under Qazlal
  9610 | D:9      | Cast into level 1 of the Abyss (gnoll)
  9651 | Abyss:1  | Noticed a wretched star
  9657 | Abyss:1  | HP: 3/86 [rock wall collision (9)]
  9658 | Abyss:1  | Mangled by a large abomination

Illustrated notes

Levels and vault maps discovered:
D:1:      erik_arrival_triangle_medium, layout_basic
D:2:      layout_basic, chequers_ecumenical_altar_island
D:3:      layout_rooms, nicolae_qazlal_scattered_showers, fedhas_altar_1,
          grunt_dithmenos_smoke, nicolae_uskayaw_en_pointe,
          gup_sewer_entry_bubbles, uniq_jessica
D:4:      layout_basic
D:5:      layout_loops_cross, minmay_overflow_temple_star_hex,
          minmay_misc_feat_x, chequers_serial_rivers_micro_b,
          kennysheep_generic_room_8
D:6:      layout_gridville
D:7:      cheibrodos_helix_gallery, layout_basic, mainiacjoe_overflow_chevrons,
          mainiacjoe_overflow_six_doors_small, minmay_temple_entry_junction,
          dk_rats_in_the_wall
D:8:      layout_loops_ring, grunt_ministairs_5
D:9:      layout_roguey
Abyss:1:  base:
D:7

Skill      XL: |  1  2  3  4  5  6  7  8  9 10 |
---------------+-------------------------------+-----
Axes           | 3 4 5 6 7 8 10 | 10.5
Fighting       | 4 5 6 7 |  7.6
Shields        | 4 5 |  5.0
Invocations    | 1 2 3 4 6 8 9 |  9.1
Throwing       | 1 2 3 4 |  4.1
Armour         | 4 5 6 |  6.0
Evocations     | 1 2 3 |  3.3

Action                   |  1- 3 |  4- 6 |  7- 9 | 10-12 || total
-------------------------+-------+-------+-------+-------++-------
Melee: War axe           |    98 |   196 |   345 |   112 ||   751
Throw: Boomerang         |       |     5 |     9 |       ||    14
Evoke: Wand              |       |       |     2 |       ||     2
  Use: Potion            |       |     1 |       |     1 ||     2
       Scroll            |       |       |       |     8 ||     8
 Stab: Distracted        |       |       |       |     1 ||     1
Armor: Scale mail        |    52 |   137 |    27 |       ||   216
       Ring mail         |       |       |    64 |    31 ||    95
Dodge: Dodged            |    43 |    85 |   140 |    51 ||   319
Block: Buckler           |    29 |    62 |   200 |    74 ||   365
       Reflection        |       |       |    11 |       ||    11

Table legend: (Time is in decaauts)
 A = Elapsed time spent in this place.
 B = Non-inter-level travel time spent in this place.
 C = Inter-level travel time spent in this place.
 D = Time resting spent in this place.
 E = Time spent auto-exploring this place.
 F = Levels seen in this place.
 G = Mean time per level.
                   A        B        C        D        E       F      G
               +--------+--------+--------+--------+--------+-----+--------+
         Total |   9872 |   9686 |    186 |    212 |   7148 |  11 |  897.5 |
       Dungeon |   9239 |   9053 |    186 |    212 |   6723 |   9 | 1026.6 |
         Abyss |     47 |     47 |      0 |      0 |      0 |   1 |   47.0 |
         Sewer |    585 |    585 |      0 |      0 |    425 |   1 |  585.0 |
               +--------+--------+--------+--------+--------+-----+--------+

Top non-repeatable levels by time:
     D:8: 1426 daAuts
     D:7: 1398 daAuts
     D:6: 1253 daAuts
     D:2: 1208 daAuts
     D:1: 1184 daAuts
     D:5: 1055 daAuts
     D:3: 809 daAuts
     D:4: 762 daAuts
   Sewer: 585 daAuts
     D:9: 141 daAuts
 Abyss:1: 47 daAuts
